 Dungeon Crawl Stone Soup version 0.31-a0-1074-g0b22e4e0f1 (webtiles) character file.

Game seed: 16106229226390633333

66 domi the Magician (level 4, -3/31 HPs)
             Began as a Djinni Fire Elementalist on Dec 6, 2023.
             Slain by Terence
             ... wielding a +0 mace
              (6 damage)
             ... on level 3 of the Dungeon.
             The game lasted 00:03:21 (1951 turns).

domi the Magician (Djinni Fire Elementalist)        Turns: 1951, Time: 00:03:22

Health: -3/31      AC:  2    Str:  7    XL:     4   Next: 37%
Gold:   64         EV: 12    Int: 18    God:
                   SH:  0    Dex: 14

rFire   + + .        d - +2 dagger (elec)
rCold   x . .        (no shield)
rNeg    . . .        a - +0 robe
rPois   ∞            (no helmet)
rElec   .            (no cloak)
rCorr   .            (no gloves)
SInv    .            (boots unavailable)
Will    .....        (no amulet)
Stlth   ++           (no ring)
HPRegen 0.25/turn    (no ring)
MPRegen 0.00/turn

%: infuse magic (-4 HP)
@: flying
A: sickness immunity, fire resistance 2, cold vulnerability 1, float, innate
caster, HP casting, extra vitality 1
a: no special abilities


You were on level 3 of the Dungeon.
You visited 1 branch of the dungeon, and saw 3 of its levels.

You collected 64 gold pieces.

Inventory:

Hand Weapons
 d - a +2 dagger of electrocution (weapon)
   (You took it off a kobold on level 1 of the Dungeon)
Armour
 a - a +0 robe (worn)
Jewellery
 g - a +6 ring of dexterity
   (You found it on level 2 of the Dungeon)
Scrolls
 b - a scroll of identify {unknown}
 c - 2 scrolls of immolation {unknown}
 h - a scroll of enchant weapon {unknown}
 i - a scroll of fear {unknown}
Potions
 e - a potion of might {unknown}
 f - a potion of resistance {unknown}
 j - a potion of mutation {unknown}
 k - a potion of degeneration {unknown}


   Skills:
 - Level 2.1 Dodging
 - Level 1.5 Stealth
 + Level 4.1 Spellcasting
 + Level 4.1 Conjurations
 + Level 4.1 Hexes
 + Level 4.1 Summonings
 + Level 4.1 Necromancy
 + Level 4.1 Translocations
 + Level 4.1 Transmutations
 + Level 4.1 Fire Magic
 + Level 4.1 Ice Magic
 + Level 4.1 Air Magic
 + Level 4.1 Earth Magic
 + Level 4.1 Poison Magic


You knew the following spells:

 Your Spells              Type           Power      Damage    Failure   Level
i - Volatile Blastmotes   Fire/Tloc      36%        2d13      8%          3
o - Flame Wave            Conj/Fire      18%        2d7       26%         4
p - Sandblast             Erth           36%        2d10      2%          1
u - Scorch                Fire           36%        2d6       4%          2
y - Foxfire               Conj/Fire      72%        2x1d7     2%          1
z - Inner Flame           Hex/Fire       18%        N/A       8%          3
Your spell library was empty.

Dungeon Overview and Level Annotations

Branches:
Dungeon (3/15)

Altars:
Makhleb

Shops:
D:2 !

Annotations:
D:3 Terence


Innate Abilities, Weirdness & Mutations

You are immune to sickness and miasma.
You are immune to poison.
Your flesh is very heat resistant. (rF++)
You are vulnerable to cold. (rC-)
You float through the air rather than walking.
You learn spells naturally, not from books.
Your magical power is your life essence.
You have superior vitality. (+4 MHP)


Message History

Your Fire Magic skill increases to level 4!
Your Ice Magic skill increases to level 4!
Your Air Magic skill increases to level 4!
Your Earth Magic skill increases to level 4!
Your Poison Magic skill increases to level 4!
You can't see any susceptible monsters within range! (Use Z to cast anyway.)
A ball python comes into view.
The ball python hisses angrily.
A ball python is nearby!
A ball python is nearby!
A ball python is nearby!
Flames lash the ball python.
You kill the ball python!
You see here a ball python corpse.
You see here a +0 whip.
An adder comes into view.
An adder is nearby!
An adder is nearby!
An adder is nearby!
An adder is nearby!
The adder hisses angrily.
Flames lash the adder.
The adder's fire resistance burns away.
Flames lash the adder.
The adder barely misses you. The adder bites you but does no damage.
Flames lash the adder.
The adder is burned terribly!
You kill the adder!
j - a glowing purple potion
Found a stone staircase leading down.
You now have 64 gold pieces (gained 3).
There is an entrance to Moagiunu's Distillery here.
You see here a +0 club.
Things that are here:
a +0 dagger; a +0 sling Done exploring.
Done exploring.
Done exploring.
Done exploring.
Done exploring.
Done exploring.
Done exploring.
Things that are here:
a +0 dagger; a +0 sling
There is a stone staircase leading down here.
You fly downwards.
Found a green potion and a book of Sloth.
Found a stone staircase leading down.
There is a stone staircase leading up here.
A worm comes into view.
A worm is nearby!
You can't see any susceptible monsters within range! (Use Z to cast anyway.) Flames lash the worm.
The worm's fire resistance burns away.
You miscast Scorch.
You are very lightly contaminated with residual magic.
Nothing appears to happen.
Flames lash the worm.
The worm is burned terribly!
You kill the worm!
You can't see any susceptible monsters within range! (Use Z to cast anyway.)
Your magical contamination has completely faded away.
k - a green potion You see here a worm corpse.
A rat comes into view.
A rat is nearby!
A rat is nearby!
A rat is nearby!
A rat is nearby!
You can't see any susceptible monsters within range! (Use Z to cast anyway.) Terence the Incautious comes into view.
He is wielding a +0 mace.
Terence shouts!
You can't see any susceptible monsters within range! (Use Z to cast anyway.) Unknown command.
Unknown command.
You miscast Scorch.
You are very lightly contaminated with residual magic.
Nothing appears to happen.
Unknown command.
The rat closely misses you.
Flames lash the rat.
You kill the rat!
You hear an angry hiss.
A ball python comes into view.
Flames lash Terence.
Terence's fire resistance burns away.
The ball python hisses angrily.
Terence closely misses you.
A rat comes into view.
Flames lash Terence.
Terence is burned terribly!
Terence hits you with a +0 mace.
Okay, then.
Unknown command.
Flames lash Terence.
Terence is burned terribly!
Terence hits you with a +0 mace.
Flames lash the ball python.
You kill the ball python!
Terence hits you with a +0 mace!
* * * LOW HITPOINT WARNING * * *
Your magical contamination has completely faded away.
Flames lash Terence but do no damage.
* * * LOW HITPOINT WARNING * * *
Terence hits you with a +0 mace.
You die...
Terence says, "Time to find some more victims."

..#.#.#.#.......###
#.......#..........
#.#.#.....#.#<..###
#.....#.....# #
#######†#.#######
#. #$........#
#..#.#####.###
#....# #.# ###$@#
#.# ....r..@# #.#
#######.# #.# #†#
#.# ... .# ... ....
.....


You could see Terence (combustible) and a rat.

Vanquished Creatures
  An adder (D:2)
  2 worms
  A dart slug (D:1)
  10 ball pythons
  4 endoplasms
  2 giant cockroaches
  3 goblins
  3 hobgoblins
  4 jackals (D:1)
  2 quokkas
  5 bats
  3 frilled lizards
  3 kobolds
  5 rats
48 creatures vanquished.

Vanquished Creatures (others)
  65 foxfires (D:1)
65 creatures vanquished.

Grand Total: 113 creatures vanquished

Notes
Turn   | Place    | Note
-------+----------+-------------------------------------------
     0 | D:1      | Reached skill level 3 in Spellcasting
     0 | D:1      | Reached skill level 3 in Conjurations
     0 | D:1      | Reached skill level 3 in Hexes
     0 | D:1      | Reached skill level 3 in Summonings
     0 | D:1      | Reached skill level 3 in Necromancy
     0 | D:1      | Reached skill level 3 in Translocations
     0 | D:1      | Reached skill level 3 in Transmutations
     0 | D:1      | Reached skill level 3 in Fire Magic
     0 | D:1      | Reached skill level 3 in Ice Magic
     0 | D:1      | Reached skill level 3 in Air Magic
     0 | D:1      | Reached skill level 3 in Earth Magic
     0 | D:1      | Reached skill level 3 in Poison Magic
     0 | D:1      | domi the Djinni Fire Elementalist began the quest for the
                  | Orb.
     0 | D:1      | domi set off with the following spells memorised: Foxfire,
                  | Scorch, Volatile Blastmotes, Inner Flame, Flame Wave.
     0 | D:1      | Reached XP level 1. HP: 15/15 MP: 0/0
    70 | D:1      | Reached XP level 2. HP: 18/21 MP: 0/0
   551 | D:1      | Reached XP level 3. HP: 19/25 MP: 0/0
   551 | D:1      | Learned a level 1 spell: Sandblast
  1127 | D:2      | Found Moagiunu's Distillery.
  1424 | D:2      | Reached XP level 4. HP: 27/31 MP: 0/0
  1589 | D:2      | Found a burning altar of Makhleb.
  1594 | D:2      | Reached skill level 4 in Spellcasting
  1594 | D:2      | Reached skill level 4 in Conjurations
  1594 | D:2      | Reached skill level 4 in Hexes
  1594 | D:2      | Reached skill level 4 in Summonings
  1594 | D:2      | Reached skill level 4 in Necromancy
  1594 | D:2      | Reached skill level 4 in Translocations
  1594 | D:2      | Reached skill level 4 in Transmutations
  1594 | D:2      | Reached skill level 4 in Fire Magic
  1594 | D:2      | Reached skill level 4 in Ice Magic
  1594 | D:2      | Reached skill level 4 in Air Magic
  1594 | D:2      | Reached skill level 4 in Earth Magic
  1594 | D:2      | Reached skill level 4 in Poison Magic
  1942 | D:3      | Noticed Terence
  1950 | D:3      | HP: 5/31 [Terence/+0 mace (11)]
  1951 | D:3      | Slain by Terence

Illustrated notes

Levels and vault maps discovered:
D:1:      mrwooster_arrival_statue_2, layout_loops_corners
D:2:      layout_loops_ring, basic_altar, serial_shops,
          nicolae_shop_industrial_runoff
D:3:      layout_basic, uniq_terence

Skill      XL: |  1  2  3  4 |
---------------+-------------+-----
Spellcasting   | 4 |  4.1
Conjurations   | 4 |  4.1
Hexes          | 4 |  4.1
Summonings     | 4 |  4.1
Necromancy     | 4 |  4.1
Translocations | 4 |  4.1
Transmutations | 4 |  4.1
Fire Magic     | 4 |  4.1
Ice Magic      | 4 |  4.1
Air Magic      | 4 |  4.1
Earth Magic    | 4 |  4.1
Poison Magic   | 4 |  4.1
Dodging        | |  2.1
Stealth        | |  1.5

Action                     |  1- 3 |  4- 6 || total
---------------------------+-------+-------++-------
   Cast: Foxfire           |    37 |       ||    37
         Scorch            |    23 |    14 ||    37
 Armour: Robe              |     4 |     5 ||     9
  Dodge: Dodged            |     6 |     3 ||     9

Table legend: (Time is in decaauts)
 A = Elapsed time spent in this place.
 B = Non-inter-level travel time spent in this place.
 C = Inter-level travel time spent in this place.
 D = Time resting spent in this place.
 E = Time spent auto-exploring this place.
 F = Levels seen in this place.
 G = Mean time per level.
                   A        B        C        D        E       F      G
               +--------+--------+--------+--------+--------+-----+--------+
         Total |   1949 |   1867 |     82 |     31 |   1605 |   3 |  649.7 |
       Dungeon |   1949 |   1867 |     82 |     31 |   1605 |   3 |  649.7 |
               +--------+--------+--------+--------+--------+-----+--------+

Top non-repeatable levels by time:
     D:1: 1079 daAuts
     D:2: 811 daAuts
     D:3: 58 daAuts

Levels and vault maps discovered:
D:1:      mrwooster_arrival_statue_2, layout_loops_corners
D:2:      layout_loops_ring, basic_altar, serial_shops,
          nicolae_shop_industrial_runoff
D:3:      layout_basic, uniq_terence

Table legend: (Time is in decaauts)
 A = Elapsed time spent in this place.
 B = Non-inter-level travel time spent in this place.
 C = Inter-level travel time spent in this place.
 D = Time resting spent in this place.
 E = Time spent auto-exploring this place.
 F = Levels seen in this place.
 G = Mean time per level.
                   A        B        C        D        E       F      G
               +--------+--------+--------+--------+--------+-----+--------+
         Total |   1949 |   1867 |     82 |     31 |   1605 |   3 |  649.7 |
       Dungeon |   1949 |   1867 |     82 |     31 |   1605 |   3 |  649.7 |
               +--------+--------+--------+--------+--------+-----+--------+

Top non-repeatable levels by time:
     D:1: 1079 daAuts
     D:2: 811 daAuts
     D:3: 58 daAuts

Table legend:
 A = Kills in this place as a percentage of kills in the entire game.
 B = Kills by you in this place as a percentage of kills by you in the entire game.
 C = Kills by friends in this place as a percentage of kills by friends in the entire game.
 D = Other kills in this place as a percentage of other kills in the entire game.
 E = Experience gained in this place as a percentage of experience gained in the entire game.
 F = Experience gained in this place divided by the number of levels of this place that you have seen.
                   A       B       C       D       E      F
               +-------+-------+-------+-------+-------+----------------------
         Total | 100.0 | 100.0 |   N/A |   N/A | 100.0 |  31.7
       Dungeon | 100.0 | 100.0 |   N/A |   N/A | 100.0 |  31.7
               +-------+-------+-------+-------+-------+----------------------
